 Dungeon Crawl Stone Soup version 0.28.0-45-g0d030f2227 (webtiles) character file.

Game seed: 2607434544320887891

46 NinjaNoafa the Chopper (level 3, 0/34 HPs)
             Began as a Hill Orc Monk on Apr 24, 2022.
             Was a Believer of Beogh.
             Frozen to death by an endoplasm (2 damage)
             ... on level 3 of the Dungeon.
             The game lasted 00:03:39 (1568 turns).

NinjaNoafa the Chopper (Hill Orc Monk)              Turns: 1568, Time: 00:03:40

Health: 0/34       AC:  6    Str: 12 (15) XL:     3   Next: 68%
Magic:  3/3        EV:  9    Int:  9 (10) God:    Beogh [**....]
Gold:   41         SH:  0    Dex: 10 (13) Spells: 2/2 levels left

rFire   . . .      SeeInvis .   a - +0 hand axe
rCold   . . .      Faith    .   (no shield)
rNeg    . . .      Spirit   .   e - +0 scale mail
rPois   .          Reflect  .   (no helmet)
rElec   .          Harm     .   (no cloak)
rCorr   .          Rampage  .   (no gloves)
Will    .....                   (no boots)
Stlth   ..........              (no amulet)
HPRegen 0.11/turn               (no ring)
MPRegen 0.08/turn               (no ring)

@: lethally poisoned (0 -> -3), attractive
A: no striking features
a: Renounce Religion, Smiting


You were on level 3 of the Dungeon.
You worshipped Beogh.
Beogh was pleased with you.
You visited 1 branch of the dungeon, and saw 4 of its levels.

You collected 41 gold pieces.

Inventory:

Hand Weapons
 a - a +0 hand axe (weapon)
Armour
 e - a +0 scale mail (worn)
Potions
 d - a potion of attraction
 f - a potion of brilliance


   Skills:
 + Level 4.3 Fighting
 + Level 4.7 Axes
 + Level 1.8 Armour
 - Level 2.4 Dodging
 - Level 1.5 Stealth
 + Level 0.1 Invocations


You had 2 spell levels left.
You didn't know any spells.
Your spell library was empty.

Dungeon Overview and Level Annotations

Branches:
Dungeon (4/15)             Temple (0/1) D:4

Altars:
Kikubaaqudgha
Wu Jian
Xom

Annotations:
D:4 Dowan, Duvessa


Message History

You are frozen.
The adder bites you but does no damage.
You closely miss the adder.
The adder is heavily wounded.
You hit the endoplasm.
You feel sick. The adder bites you.
You are more poisoned.
The adder poisons you! The endoplasm barely misses you.
You closely miss the adder.
The adder is moderately wounded.
You barely miss the endoplasm.
You feel sick. The adder bites you but does no damage.
The endoplasm barely misses you. The adder bites you but does no damage.
It was a potion of degeneration.
There was something very wrong with that liquid.
You feel weakened.
You feel dopey.
You feel clumsy.
You feel sick. The endoplasm barely misses you. The adder closely misses you.
It was a potion of attraction.
You feel attractive to monsters.
You feel sick. The adder bites you but does no damage.
The endoplasm hits you but does no damage.
You miss the adder.
The adder is moderately wounded.
You hit the endoplasm.
You feel sick. The adder bites you but does no damage.
The endoplasm freezes you.
You are frozen.
* * * LOW HITPOINT WARNING * * *
The adder bites you but does no damage.
You feel sick.
You feel sick.
You are no longer poisoned.
Okay, then.
As you read the scroll labelled XEFYUSKITS, it crumbles to dust.
It is a scroll of identify.
You don't have any unidentified items.
The adder bites you.
* * * LOW HITPOINT WARNING * * *
You are lethally poisoned!
The adder poisons you! The endoplasm freezes you.
You are frozen.
You die...

#.# #######....##.# #..#
####..#.### #.## ##......
#####.###### ###[###
#..........# #.###
#..........###########....
#..........#............##
#.......S....#########.###
#.......J@.#####.....#....
#..........# ##...........
#........?.# #............
#..........# #............
#..........# #............
#......)...# #............
############ #............
#............
##...........


You could see an adder and an endoplasm.

Vanquished Creatures
  A white imp (D:3)
  2 dart slugs
  An orc (D:3)
  3 ball pythons (D:1)
  2 bats (D:1)
  4 endoplasms (D:1)
  5 goblins (D:1)
  A hobgoblin (D:3)
  3 jackals (D:3)
  3 kobolds
  2 quokkas (D:3)
  A frilled lizard (D:1)
  2 rats (D:1)
30 creatures vanquished.

Vanquished Creatures (others)
  A plant (D:3)
1 creature vanquished.

Grand Total: 31 creatures vanquished

Notes
Turn   | Place    | Note
-------+----------+-------------------------------------------
     0 | D:1      | NinjaNoafa the Hill Orc Monk began the quest for the Orb.
     0 | D:1      | Reached XP level 1. HP: 19/19 MP: 1/1
   221 | D:1      | Reached XP level 2. HP: 21/27 MP: 2/2
   224 | D:1      | Reached skill level 1 in Armour
   257 | D:1      | Found a faded altar of an unknown god.
   729 | D:1      | Reached XP level 3. HP: 33/33 MP: 3/3
   978 | D:2      | You fall into a shaft and drop 2 floors!
   978 | D:4      | Noticed a scorpion
   984 | D:4      | Noticed Duvessa
   984 | D:4      | Noticed Dowan
  1235 | D:3      | Became a worshipper of Beogh the Brigand
  1235 | D:3      | Reached * piety under Beogh
  1235 | D:3      | Reached ** piety under Beogh
  1291 | D:3      | Found an ornate altar of the Wu Jian Council.
  1291 | D:3      | Found an ancient bone altar of Kikubaaqudgha.
  1292 | D:3      | Found a shimmering altar of Xom.
  1568 | D:3      | Frozen to death by an endoplasm

Illustrated notes

Levels and vault maps discovered:
D:1:      dpeg_arrival_boxorama, layout_loops_ring,
          ebering_ecumenical_altar_box, serial_glass, glass_columns_b,
          glass_columns_b, glass_columns_c, glass_columns_b
D:2:      layout_loops_cross, serial_co_window_serial, co_window_paths_b,
          co_window_corner_a, co_window_paths_a, co_window_paths_a,
          co_window_of_opportunity_a, co_window_corner_ca, co_window_broadway_a,
          co_window_of_opportunity_b, co_window_of_opportunity_c,
          glass_columns_a, glass_columns_a, glass_columns_b, glass_columns_b,
          glass_columns_a, uniq_crazy_yiuf_cottage, uniq_robin
D:3:      layout_rooms, gammafunk_temple_overflow_forgotten
D:4:      layout_gridville, minmay_temple_entry_offerings, uniq_duvessa

Skill      XL: |  1  2 |
---------------+-------+-----
Armour         | 1 |  1.8
Fighting       | 4 |  4.3
Axes           | |  4.7
Dodging        | |  2.4
Stealth        | |  1.5
Invocations    | |  0.1

Action                   || total
-------------------------++-------
Melee: Hand axe          ||   102
       Punch             ||     3
Invok: Convert to Beogh  ||     1
  Use: Potion            ||     6
       Scroll            ||     3
Armor: Scale mail        ||    62
Dodge: Dodged            ||    60
